 Dungeon Crawl Stone Soup version 0.27-a0-637-g3a9f0a9c12 (webtiles) character file.

Game seed: 5810876227303378586

94 spiderkeys the Chopper (level 4, -5/40 HPs)
             Began as a Minotaur Berserker on Mar 14, 2021.
             Was a Believer of Trog.
             Slain by a worm (9 damage)
             ... on level 2 of the Dungeon.
             The game lasted 00:01:05 (1315 turns).

spiderkeys the Chopper (Minotaur Berserker)         Turns: 1315, Time: 00:01:06

Health: -5/40      AC:  2    Str: 22    XL:     4   Next: 38%
Magic:  3/3        EV: 12    Int:  4    God:    Trog [**....]
Gold:   201        SH:  0    Dex: 10    Spells: 3/3 levels left

rFire    . . .     SeeInvis .   a - +0 hand axe
rCold    . . .     Faith    .   (no shield)
rNeg     . . .     Spirit   .   b - +0 animal skin
rPois    .         Reflect  .   (helmet restricted)
rElec    .         Harm     .   (no cloak)
rCorr    .         Rampage  .   (no gloves)
Will     .....                  (no boots)
Stlth    +.........             (no amulet)
HPRegen  0.13/turn              (no ring)
MPRegen  0.08/turn              (no ring)

@: berserk cooldown, slowed, very slow
A: horns 2, retaliatory headbutt
a: Renounce Religion, Berserk, Trog's Hand


You were on level 2 of the Dungeon.
You worshipped Trog.
Trog was pleased with you.
You visited 1 branch of the dungeon, and saw 2 of its levels.

You collected 201 gold pieces.

Inventory:

Hand Weapons
 a - a +0 hand axe (weapon)
Armour
 b - a +0 animal skin (worn)
Scrolls
 d - a scroll of fear {unknown}
 e - a scroll of teleportation {unknown}
 f - a scroll of enchant armour {unknown}
 h - a scroll of fog {unknown}
 i - 2 scrolls of identify {unknown}
 l - a scroll of blinking {unknown}
 m - a scroll of noise {unknown}
 o - a scroll of amnesia {unknown}
Potions
 c - a potion of ambrosia {unknown}
 g - a potion of lignification {unknown}
 j - 2 potions of heal wounds {unknown}
 k - a potion of brilliance {unknown}
 n - a potion of resistance {unknown}


   Skills:
 + Level 4.2 Fighting
 * Level 4.9 Axes
 + Level 3.3 Armour
 + Level 3.0 Dodging


You had 3 spell levels left.
You didn't know any spells.
Your spell library was empty.

Dungeon Overview and Level Annotations

Branches:
Dungeon (2/15)

Altars:


Innate Abilities, Weirdness & Mutations

You have a pair of horns on your head.
You reflexively headbutt those who attack you in melee.


Message History

You headbutt the howler monkey. You hit the howler monkey.
The howler monkey is heavily wounded.
The howler monkey misses you.
You closely miss the howler monkey. You headbutt the howler monkey.
The howler monkey is severely wounded.
The howler monkey hits you. The howler monkey misses you.
You are too injured to fight recklessly!
You are too injured to fight recklessly!
A red film seems to cover your vision as you go berserk!
You feel yourself moving faster!
You feel mighty! The howler monkey misses you.
You slash the howler monkey!
You kill the howler monkey!
Trog accepts your kill.
Your Dodging skill increases to level 3!
You have reached level 4!
You feel agile.
You start resting.
You feel a strong urge to attack something.
You start resting.
You feel your anger nearly subside.
You are no longer berserk.
You are exhausted.
You feel yourself slow down.
You start resting.
A worm comes into view.
A worm is nearby!
A worm is nearby!
There is an open door here.
You are too injured to fight recklessly!
You are too injured to fight recklessly!
The worm bites you!
* * * LOW HITPOINT WARNING * * *
You slash the worm!
The worm is heavily wounded.
The worm bites you!
* * * LOW HITPOINT WARNING * * *
You hit the worm. Your headbutt misses the worm.
The worm is heavily wounded.
The worm bites you!
You die...

#.# #.# ###.# ..#.#
#.#.# #.#.# #.#.#
######
#w#.###....#######
#@#...'........... #
#.#####.....######
#.#.#...#.....#
#.#'#...#..)..#
#.......#.....######
#.......###'#....#..
#.......'...#....#..
#.......#####.......
#.#....>..............


You could see a worm.

Vanquished Creatures
  A howler monkey (D:2)
  An adder (D:2)
  2 worms (D:2)
  A dart slug (D:2)
  2 leopard geckos (D:1)
  A ball python (D:1)
  2 giant cockroaches (D:2)
  5 goblins
  5 hobgoblins
  2 jackals (D:1)
  3 kobolds
  4 bats
  A frilled lizard (D:1)
  5 rats
35 creatures vanquished.

Notes
Turn   | Place    | Note
-------+----------+-------------------------------------------
     0 | D:1      | spiderkeys the Minotaur Berserker began the quest for the
                  | Orb.
     0 | D:1      | Reached XP level 1. HP: 19/19 MP: 0/0
   184 | D:1      | Reached XP level 2. HP: 25/27 MP: 1/1
   868 | D:2      | Reached XP level 3. HP: 33/33 MP: 2/2
   872 | D:2      | Reached ** piety under Trog
  1303 | D:2      | Reached XP level 4. HP: 27/40 MP: 3/3
  1315 | D:2      | Slain by a worm

Illustrated notes

Levels and vault maps discovered:
D:1:      minmay_arrival_up_and_down, layout_rooms, minmay_pentomino_r4
D:2:      layout_basic

Skill      XL: |  1  2  3 |
---------------+----------+-----
Axes           | 4 |  4.9
Fighting       | 4 |  4.2
Armour         | 3 |  3.3
Dodging        | 3 |  3.0

Action                   |  1- 3 |  4- 6 || total
-------------------------+-------+-------++-------
Melee: Hand axe          |    74 |     2 ||    76
       Headbutt          |    12 |       ||    12
Invok: Berserk           |     1 |       ||     1
Armor: Animal skin       |    14 |       ||    14
Dodge: Dodged            |    47 |       ||    47

Table legend: (Time is in decaauts)
 A = Elapsed time spent in this place.
 B = Non-inter-level travel time spent in this place.
 C = Inter-level travel time spent in this place.
 D = Time resting spent in this place.
 E = Time spent auto-exploring this place.
 F = Levels seen in this place.
 G = Mean time per level.
                   A        B        C        D        E       F      G
               +--------+--------+--------+--------+--------+-----+--------+
         Total |   1323 |   1269 |     54 |      2 |   1065 |   2 |  661.5 |
       Dungeon |   1323 |   1269 |     54 |      2 |   1065 |   2 |  661.5 |
               +--------+--------+--------+--------+--------+-----+--------+

Top non-repeatable levels by time:
     D:1: 662 daAuts
     D:2: 661 daAuts
